 Dungeon Crawl Stone Soup version 0.21.1-1-g345015fe64 (webtiles) character file.

252 Gargoyl the Skirmisher (level 5, -13/46 HPs)
             Began as a Centaur Abyssal Knight on June 10, 2018.
             Was a Believer of Lugonu.
             Mangled by an ogre
             ... wielding a +0 giant club
              (22 damage)
             ... on level 4 of the Dungeon.
             The game lasted 00:05:58 (4661 turns).

Gargoyl the Skirmisher (Centaur Abyssal Knight)     Turns: 4661, Time: 00:05:59

Health: -13/46     AC:  8    Str: 20    XL:     5   Next: 89%
Magic:  7/7        EV:  5    Int: 11    God:    Lugonu [**....]
Gold:   271        SH:  0    Dex:  9    Spells: 4/4 levels left

rFire    . . .     SeeInvis .   a - +1 hand axe
rCold    . . .     Gourm    .   (no shield)
rNeg     . . .     Faith    .   l - +0 chain mail
rPois    .         Spirit   .   (no helmet)
rElec    .         Reflect  .   (no cloak)
rCorr    .         Harm     .   (no gloves)
MR       .....                  (no barding)
Stlth    ..........             (no amulet)
HPRegen  0.15/turn              (no ring)
MPRegen  0.10/turn              (no ring)

@: mighty, very quick
A: large, hooves 3, deformed body, speed 2, tough skin 3
a: Depart the Abyss, Bend Space, Renounce Religion


You were on level 4 of the Dungeon.
You worshipped Lugonu.
Lugonu was pleased with you.
You were very hungry.

You visited 1 branch of the dungeon, and saw 4 of its levels.
You visited the Abyss 1 time.

You collected 271 gold pieces.

Inventory:

Hand Weapons
 a - a +1 hand axe (weapon)
Armour
 l - a +0 chain mail (worn)
Scrolls
 g - a scroll of identify
 k - a scroll of remove curse
Potions
 d - 2 potions of curing
 e - a potion of heal wounds
 f - 2 potions of brilliance
 h - a potion of agility {unknown}
 i - a potion of mutation {unknown}
 j - a potion of flight {unknown}
Comestibles
 c - 6 rations


   Skills:
 + Level 4.1 Fighting
 + Level 2.9 Axes
 * Level 3.0 Armour
 + Level 1.0 Dodging
 * Level 3.1 Invocations


You had 4 spell levels left.
You didn't know any spells.

Dungeon Overview and Level Annotations

Branches:
Dungeon (4/15)
 Temple: D:4-7

Altars:
Ashenzari
Ru


Innate Abilities, Weirdness & Mutations

You have hooves in place of feet.
Armour fits poorly on your strangely shaped body.
You cover ground very quickly.
You have extremely tough skin. (AC +3)


Message History

The hound is heavily wounded.
You slash the ogre!
The hound bites you but does no damage. x2
You slash the hound!
You kill the hound!
Lugonu accepts your kill.
Your Armour skill increases to level 3!
You hit the ogre. The ogre hits you with a giant club!
Unknown command.
You slash the ogre! Your kick misses the ogre.
The ogre is almost dead.
The ogre hits you with a giant club.
Your chain mail prevents you from hitting the ogre.
Your kick misses the ogre.
The ogre is almost dead.
The ogre hits you with a giant club!
* * * LOW HITPOINT WARNING * * *
Your chain mail prevents you from hitting the ogre.
The ogre is almost dead.
The ogre hits you with a giant club!!
You die...

#. #. ####### #.
.......## #. ........#
###. ........# #...
........# #.#.
........#############.#.
......†@..............#.
......O################.
..[.... #. ....... ##
.######


You could see an ogre.

Vanquished Creatures
  An iron imp (Abyss:1)
  A hound (D:4)
  An iguana (D:4)
  Terence (D:2)
  7 adders
  2 worms
  4 leopard geckos
  4 orcs (D:3)
  3 ball pythons
  2 giant cockroaches
  6 hobgoblins
  A jackal (D:2)
  8 bats
  4 frilled lizards
  6 goblins
  5 kobolds
  13 rats
  A lurking horror (Abyss:1)
70 creatures vanquished.

Notes
Turn   | Place    | Note
-------+----------+-------------------------------------------
     0 | Abyss:1  | Gargoyl the Centaur Abyssal Knight began the quest for the Orb.
     0 | Abyss:1  | Reached XP level 1. HP: 19/19 MP: 2/2
    10 | Abyss:1  | Found an ancient bone altar of Kikubaaqudgha.
    51 | Abyss:1  | Noticed an iron imp
    64 | Abyss:1  | Killed an iron imp
    64 | Abyss:1  | Reached XP level 2. HP: 8/27 MP: 3/3
    64 | Abyss:1  | Reached XP level 3. HP: 10/33 MP: 4/4
   252 | Abyss:1  | Noticed a thrashing horror
   291 | Abyss:1  | Noticed a revenant
   292 | Abyss:1  | Noticed a fire elemental
   322 | Abyss:1  | Noticed a mana viper
   332 | Abyss:1  | Noticed a small abomination
   356 | Abyss:1  | Noticed a wretched star
   388 | Abyss:1  | Noticed a chaos spawn
   388 | Abyss:1  | Noticed an ancient zyme
   401 | Abyss:1  | Noticed a chaos spawn
   427 | D:1      | Escaped the Abyss
  1000 | D:1      | Reached * piety under Lugonu
  1671 | D:2      | Reached XP level 4. HP: 29/40 MP: 5/5
  1717 | D:2      | Noticed Terence
  1909 | D:2      | Killed Terence
  1909 | D:2      | Reached skill level 4 in Fighting
  2519 | D:2      | Found a shattered altar of Ashenzari.
  3003 | D:2      | You fall through a shaft!
  3009 | D:3      | Reached skill level 1 in Dodging
  3149 | D:3      | Reached ** piety under Lugonu
  3149 | D:3      | Reached XP level 5. HP: 46/46 MP: 7/7
  4597 | D:4      | Found a sacrificial altar of Ru.
  4651 | D:4      | Noticed an ogre
  4661 | D:4      | Mangled by an ogre

Skill      XL: |  1  2  3  4  5 |
---------------+----------------+-----
Axes           | 2 |  2.9
Armour         | 2 3 |  3.0
Fighting       | 4 |  4.1
Dodging        | 1 |  1.0
Invocations    | 3 |  3.1

Action                   |  1- 3 |  4- 6 || total
-------------------------+-------+-------++-------
Melee: Hand axe          |    93 |   177 ||   270
       Kick              |    20 |    22 ||    42
Invok: Depart the Abyss  |     1 |       ||     1
  Use: Scroll            |     4 |     6 ||    10
       Potion            |     1 |     2 ||     3
 Stab: Distracted        |     1 |       ||     1
  Eat: Chunk             |     1 |     1 ||     2
       Ration            |       |     2 ||     2
Armor: Leather armour    |    58 |     1 ||    59
       Chain mail        |       |   148 ||   148
Dodge: Dodged            |    72 |    61 ||   133
